 Dungeon Crawl Stone Soup version 0.24.0-13-gcf9b3192b9 (webtiles) character file.

Game seed: 4955578462215474054, levelgen mode: deterministic

876 Iamsoldier the Skirmisher (level 8, 0/51 HPs)
             Began as a Gargoyle Fighter on Nov 5, 2019.
             Was an Initiate of Okawaru.
             Slain by a scorpion (3 damage)
             ... on level 7 of the Dungeon.
             The game lasted 00:13:56 (6636 turns).

Iamsoldier the Skirmisher (Gargoyle Fighter)        Turns: 6636, Time: 00:13:57

Health: 0/51       AC: 16    Str: 27    XL:     8   Next: 4%
Magic:  8/8        EV:  8    Int:  9    God:    Okawaru [......]
Gold:   345        SH:  0    Dex:  9    Spells: 7/7 levels left

rFire    . . .     SeeInvis .   w - +3 mace
rCold    . . .     Gourm    .   c - +0 shield
rNeg     + . .     Faith    .   b - +0 scale mail
rPois    ∞         Spirit   .   i - +0 helmet
rElec    +         Reflect  .   (no cloak)
rCorr    +         Harm     .   d - +1 pair of gloves
MR       .....                  (no boots)
Stlth    ..........             (no amulet)
HPRegen  0.17/turn              u - ring of resist corrosion
MPRegen  0.11/turn              (no ring)

@: confused, mighty
A: negative energy resistance 1, electricity resistance, unbreathing,
petrification resistance, rot immunity, AC +5
a: Renounce Religion


You were on level 7 of the Dungeon.
You worshipped Okawaru.
Okawaru was noncommittal.
You were not hungry.

You visited 2 branches of the dungeon, and saw 8 of its levels.

You collected 345 gold pieces.

Inventory:

Hand Weapons
 w - a +3 mace (weapon)
Missiles
 n - 7 boomerangs (quivered)
Armour
 b - a +0 scale mail (worn)
 c - a +0 shield (worn)
 d - a +1 pair of gloves (worn)
 i - a +0 helmet (worn)
Jewellery
 u - a ring of resist corrosion (left hand)
 C - a +2 ring of evasion {unknown}
 D - a cursed amulet of inaccuracy {unknown}
Wands
 a - a wand of paralysis (11)
 m - a wand of acid (6)
Scrolls
 e - 10 scrolls of identify {unknown}
 g - 4 scrolls of noise {unknown}
 h - 2 scrolls of amnesia {unknown}
 l - 3 scrolls of enchant armour {unknown}
 q - 2 scrolls of remove curse {unknown}
 r - 3 scrolls of fear {unknown}
 v - 3 scrolls of teleportation {unknown}
 y - a scroll of blinking {unknown}
Potions
 j - 3 potions of heal wounds {unknown}
 k - 2 potions of invisibility {unknown}
 o - a potion of magic {unknown}
 p - 3 potions of mutation {unknown}
 s - 2 potions of resistance {unknown}
 t - 5 potions of curing {unknown}
 x - a potion of cancellation {unknown}
 z - a potion of ambrosia {unknown}
 A - a potion of agility {unknown}
Comestibles
 f - 8 rations


   Skills:
 * Level 5.7 Fighting
 * Level 5.0 Maces & Flails
 - Level 1.7 Throwing
 + Level 5.4 Armour
 + Level 5.4 Shields


You had 7 spell levels left.
You didn't know any spells.
Your spell library was empty.

Dungeon Overview and Level Annotations

Branches:
Dungeon (7/15)             Temple (1/1) D:4

Altars:
Ashenzari
Dithmenos
Hepliaklqana
Kikubaaqudgha
Makhleb
Nemelex Xobeh
Okawaru
Qazlal
Sif Muna
Trog
Vehumet
Wu Jian
Xom
Zin


Innate Abilities, Weirdness & Mutations

You are resistant to torment.
Your stone body is resilient. (AC +5)
You are immune to poison.
You resist negative energy. (rN+)
You are resistant to electric shocks. (rElec)
You can survive without breathing.
You are immune to petrification.
You are immune to rotting.


Message History

The orc wizard hits you but does no damage.
You block the orc wizard's attack.
Drop what? 30/52 slots (_ for help) (? for menu, Esc to quit)
Okay, then.
You feel very mighty all of a sudden.
The orc warrior hits you with a +0 dire flail.
The orc wizard gestures at you while chanting.
You are confused.
You sock the orc!
You kill the orc!
Okawaru accepts your kill.
The orc warrior hits you with a +0 dire flail!
* * * LOW HITPOINT WARNING * * *
The orc wizard completely misses you.
Your shield and scale mail prevent you from hitting the scorpion.
The orc wizard hits you but does no damage.
The orc warrior hits you with a +0 dire flail!
* * * LOW HITPOINT WARNING * * *
The scorpion stings you.
You die...

###.###
#.....####.
#.#.#.#......
#.#.......... #..
......###
...#........
#####.#.###.#
.......so.#.# ####
#.#.#.#o@...#.....
#.....$.###.....
.###.##..........
............<....
######...........
...#..#.#####.
............#
#.#####.###.# ..
#.#


You could see an orc warrior, a scorpion and an orc wizard.

Vanquished Creatures
  An ogre (D:5)
  A centaur (D:6)
  A scorpion (D:2)
  A howler monkey (D:6)
  A bullfrog zombie (D:6)
  A hound (D:5)
  2 orc priests (D:3)
  4 orc wizards
  2 worker ants
  A hound skeleton (D:6)
  10 gnolls
  8 adders
  5 shadow imps
  A worm (D:3)
  4 dart slugs
  8 leopard geckos
  22 orcs
  4 giant cockroaches
  8 goblins
  5 hobgoblins
  12 jackals
  3 quokkas
  A ball python (D:4)
  8 bats
  7 frilled lizards
  4 kobolds
  A quokka skeleton (D:5)
  5 rats
131 creatures vanquished.

Notes
Turn   | Place    | Note
-------+----------+-------------------------------------------
     0 | D:1      | Iamsoldier the Gargoyle Fighter began the quest for the
                  | Orb.
     0 | D:1      | Reached XP level 1. HP: 14/14 MP: 1/1
   146 | D:1      | Reached XP level 2. HP: 17/19 MP: 2/2
   668 | D:2      | Reached XP level 3. HP: 22/24 MP: 3/3
   870 | D:2      | Noticed a scorpion
   882 | D:2      | Killed a scorpion
   882 | D:2      | Reached XP level 4. HP: 13/29 MP: 4/4
  1246 | D:2      | Reached XP level 5. HP: 30/33 MP: 5/5
  1478 | D:2      | Reached skill level 1 in Throwing
  2413 | D:3      | Found a transporter.
  2595 | D:3      | Found a transporter.
  2622 | D:3      | Reached XP level 6. HP: 39/39 MP: 6/6
  2776 | D:3      | Found a radiant altar of Vehumet.
  2776 | D:3      | Found a burning altar of Makhleb.
  2788 | D:3      | Found a faded altar of an unknown god.
  2792 | D:3      | Found a sparkling altar of Nemelex Xobeh.
  2794 | D:3      | Found a faded altar of an unknown god.
  3465 | D:4      | Found a shimmering altar of Xom.
  3465 | D:4      | Found a shattered altar of Ashenzari.
  3465 | D:4      | Found an ancient bone altar of Kikubaaqudgha.
  3473 | D:4      | Found a glowing silver altar of Zin.
  3556 | D:4      | Found a staircase to the Ecumenical Temple.
  3569 | Temple   | Entered the Ecumenical Temple
  3598 | Temple   | Became a worshipper of Warmaster Okawaru
  3654 | D:4      | Found a stormy altar of Qazlal.
  4627 | D:5      | Entered Level 5 of the Dungeon
  4673 | D:5      | Reached skill level 5 in Fighting
  4735 | D:5      | Reached XP level 7. HP: 36/44 MP: 7/7
  5075 | D:5      | Reached skill level 5 in Armour
  5459 | D:6      | Reached skill level 5 in Shields
  5951 | D:6      | Reached skill level 5 in Maces & Flails
  5951 | D:6      | Reached XP level 8. HP: 31/51 MP: 8/8
  6636 | D:7      | Slain by a scorpion

Levels and vault maps discovered:
D:1:      dpeg_arrival_boxes_within_box, layout_rooms, serial_glass,
          glass_columns_a, glass_columns_c
D:2:      layout_basic
D:3:      gammafunk_wand_slinger, layout_rooms,
          chequers_temple_overflow_minitemple
D:4:      layout_loops_ring, grunt_temple_overflow_open,
          minmay_temple_entry_slanted, first_ration,
          nicolae_qazlal_general_emergency
D:5:      layout_basic
D:6:      layout_rooms, kennysheep_doodads, kennysheep_small_spiral
D:7:      layout_basic, grunt_ministairs_15, uniq_joseph
Temple:   regret_index_temple_waves

Skill      XL: |  1  2  3  4  5  6  7 |
---------------+----------------------+-----
Fighting       | 4 5 |  5.7
Maces & Flails | 3 5 |  5.0
Armour         | 4 5 |  5.4
Shields        | 4 5 |  5.4
Throwing       | 1 |  1.7

Action                   |  1- 3 |  4- 6 |  7- 9 || total
-------------------------+-------+-------+-------++-------
Melee: Flail             |   120 |   120 |       ||   240
       Mace              |       |   112 |   156 ||   268
Throw: Boomerang         |     5 |    47 |       ||    52
  Use: Potion            |       |       |     4 ||     4
  Eat: Ration            |       |     3 |     1 ||     4
       Chunk             |       |     4 |     3 ||     7
Armor: Scale mail        |    82 |   151 |   175 ||   408
Dodge: Dodged            |    45 |    80 |   102 ||   227
Block: Shield            |    80 |   146 |   139 ||   365
